Map: Acropolis LE

Players

red - Winner!

  • Race: Zerg Zerg
  • Spawn Location: 5:00

ChromaticFox

  • Race: Terran Terran
  • Spawn Location: 11:00

VOD

Have the link to the VOD?

Description

Time

  • Played on: May 25, 2019, 5:53 p.m.
  • Length: 14:32
Show
View Real Time Build Order
Export as new Build Order

red Zerg - Winner!

Build Orders: Pool First, Muta Ling Bane 

Get SALT Encoding   

  12  0:01  Drone  
  13  0:13  Overlord  
  13  0:16  Drone  
  14  0:32  Drone x2  
  16  0:38  Drone  
  17  0:47  Spawning Pool  
  17  0:48  Drone  
  17  1:09  Hatchery  
  16  1:12  Drone  
  16  1:15  Extractor  
  16  1:34  Zergling x6  
  16  1:35  Queen  
  21  1:46  Overlord  
  21  1:57  Drone  
  22  2:07  Drone  
  23  2:12  Queen  
  25  2:18  Metabolic Boost  
  25  2:25  Drone  
  25  2:29  Drone x2  
  28  2:32  Drone  
  29  2:46  Drone  
  29  2:47  Drone  
  29  2:50  Drone x2  
  32  2:51  Drone  
  32  2:54  Drone  
  32  2:55  Queen  
  32  2:57  Drone  
  35  3:04  Drone  
  36  3:06  Overlord  
  36  3:14  Pneumatized Carapace  
  36  3:29  Drone x2  
  36  3:30  Drone x2  
  36  3:31  Drone x2  
  42  3:41  Hatchery  
  42  3:43  Drone x3  
  42  3:48  Overlord  
  44  3:56  Baneling Nest  
  43  4:12  Extractor x2  
  43  4:16  Drone x2  
  43  4:17  Drone x4  
  44  4:18  Drone x3  
  44  4:20  Lair  
  44  4:23  Overlord  
  50  4:27  Drone  
  51  4:41  Queen  
  51  4:44  Zergling x2  
  51  4:45  Zergling x12  
  54  4:57  Drone x4  
  48  5:10  Drone x3  
  48  5:16  Drone  
  48  5:17  Drone, Queen  
  48  5:19  Drone  
  53  5:21  Centrifical Hooks  
  53  5:24  Drone  
  53  5:26  Drone  
  53  5:27  Drone, Spire  
  53  5:28  Extractor  
  54  5:38  Drone x3  
  54  5:52  Spore Crawler  
  54  5:54  Spore Crawler  
  45  6:17  Drone x4  
  48  6:20  Drone x4  
  48  6:21  Drone x3  
  48  6:22  Drone  
  48  6:23  Drone x2  
  58  6:26  Drone  
  58  6:28  Drone x2  
  58  6:30  Overlord  
  61  6:44  Overlord  
  61  6:49  Mutalisk  
  61  6:50  Mutalisk x5  
  73  7:01  Overlord x3  
  73  7:07  Spore Crawler  
  68  7:35  Drone x3  
  70  7:38  Overseer  
  70  7:43  Zergling x2  
  73  7:44  Zergling x24  
  82  8:05  Queen  
  82  8:06  Drone  
  82  8:07  Drone x3  
  82  8:08  Overlord x4  
  74  8:36  Drone  
  74  8:41  Extractor  
  74  8:47  Drone x8  
  82  8:49  Drone, Extractor  
  82  8:50  Extractor  
  81  9:00  Drone x3  
  81  9:01  Infestation Pit  
  83  9:07  Zergling x2  
  84  9:12  Hatchery  
  84  9:13  Baneling x2  
  84  9:14  Baneling x5  
  84  9:16  Zergling x10  
  88  9:26  Hatchery  
  88  9:27  Hatchery  
  86  9:34  Zergling x16  
  86  9:37  Drone  
  95  9:40  Drone x2  
  95  9:44  Drone  
  98  9:47  Drone  
  98  9:48  Drone  
  100  10:05  Drone x3  
  103  10:09  Hive  
  103  10:11  Zergling x4  
  103  10:12  Zergling x6  
  103  10:14  Drone  
  109  10:15  Drone  
  109  10:19  Drone x3  
  113  10:23  Drone x2  
  111  10:33  Mutalisk  
  111  10:34  Mutalisk x3  
  115  10:40  Queen  
  115  10:41  Queen  
  119  10:47  Spore Crawler  
  118  10:53  Zerg Flyer Weapons Level 1, Evolution Chamber x2  
  118  10:56  Drone x6  
  122  10:58  Zergling x4, Extractor  
  122  10:59  Zergling x18, Extractor  
  131  11:15  Mutalisk x6  
  131  11:16  Mutalisk x4  
  151  11:25  Adrenal Glands  
  151  11:29  Ultralisk Cavern  
  151  11:30  Zerg Melee Weapons Level 1, Zerg Ground Armor Level 1  
  151  11:32  Drone x2  
  152  11:33  Drone  
  152  11:38  Pathogen Glands  
  153  11:43  Drone x2  
  155  12:01  Overlord x4  
  154  12:02  Overlord  
  154  12:13  Baneling x3  
  154  12:14  Baneling x5  
  154  12:17  Zergling x4  
  154  12:20  Ultralisk x3  
  174  12:25  Ultralisk  
  168  12:47  Zergling x2  
  168  12:48  Zergling x40  
  168  12:49  Zergling x4  
  159  12:56  Ultralisk  
  165  13:09  Drone x3  
  164  13:40  Hatchery  
  159  13:45  Zergling x6  
  159  13:46  Ultralisk x4  
  159  13:47  Zergling x4  
  178  13:48  Zergling x4  
Show
View Real Time Build Order
Export as new Build Order

ChromaticFox Terran 

Build Orders: Hellion Banshee, Mech 

Get SALT Encoding   

  12  0:00  SCV  
  13  0:12  SCV  
  14  0:17  Supply Depot  
  14  0:25  SCV  
  15  0:32  Refinery  
  15  0:38  SCV  
  16  0:44  Barracks  
  16  0:50  SCV  
  17  1:03  SCV  
  18  1:15  SCV  
  20  1:34  Reaper  
  20  1:35  Orbital Command  
  20  1:47  Command Center  
  20  2:06  Factory  
  20  2:09  Barracks Reactor  
  20  2:13  SCV  
  21  2:17  Supply Depot  
  19  2:46  Marine x2  
  21  2:52  SCV  
  21  2:57  Hellion  
  23  3:02  Refinery  
  23  3:04  SCV  
  24  3:15  Starport  
  24  3:20  Barracks Tech Lab  
  24  3:26  SCV  
  25  3:29  Orbital Command  
  25  3:35  Hellion x2  
  25  3:38  SCV  
  30  3:50  SCV  
  31  3:58  Hellion x2  
  31  4:02  SCV  
  36  4:13  SCV  
  36  4:14  SCV  
  36  4:15  Cloaking Field  
  36  4:16  Banshee  
  40  4:25  SCV  
  40  4:26  SCV  
  40  4:28  Factory  
  42  4:36  Hellion x2  
  46  4:42  Supply Depot  
  46  4:50  Barracks Tech Lab  
  46  5:03  Hellion  
  46  5:04  SCV, Hellion  
  47  5:11  SCV  
  42  5:16  SCV  
  42  5:20  Supply Depot x2  
  43  5:23  SCV, Command Center  
  43  5:25  Siege Tank  
  47  5:28  SCV  
  47  5:29  Banshee  
  51  5:35  SCV  
  51  5:41  Hellion  
  51  5:42  Hellion  
  56  5:43  SCV  
  56  5:48  SCV  
  58  5:50  Refinery  
  58  5:51  Refinery  
  58  5:56  SCV  
  59  6:00  SCV  
  60  6:08  SCV  
  61  6:26  SCV x2  
  61  6:28  Siege Tank  
  66  6:34  Command Center  
  66  6:35  Factory  
  66  6:36  Armory, Factory  
  66  6:38  Orbital Command  
  66  6:39  Armory  
  66  6:40  SCV x2  
  72  7:22  Engineering Bay  
  72  7:24  Thor x2  
  78  7:37  Factory Reactor x2  
  78  7:43  SCV x2  
  80  7:44  SCV  
  80  7:46  Terran Vehicle Weapons Level 1, Terran Vehicle And Ship Armor Level 1  
  67  8:24  SCV x2  
  66  8:36  SCV  
  55  8:45  Factory Tech Lab  
  55  8:46  Hellion x4  
  55  8:47  Orbital Command  
  63  8:50  SCV x2  
  65  9:04  Missile Turret x2  
  65  9:07  Hellion  
  65  9:08  Missile Turret, Hellion  
  65  9:09  Missile Turret, Hellion x2  
  73  9:10  Siege Tank x2, Missile Turret  
  73  9:11  Medivac x2  
  73  9:15  SCV x2  
  73  9:16  SCV  
  86  9:27  SCV  
  87  9:35  Supply Depot  
  87  9:36  Supply Depot  
  87  9:38  Supply Depot  
  87  9:42  Siege Tank x2  
  93  10:05  SCV  
  93  10:06  SCV x3  
  93  10:12  Refinery  
  93  10:14  Refinery, Hellion  
  93  10:15  Hellion x3  
  93  10:18  SCV x2, Terran Vehicle And Ship Armor Level 2, Terran Vehicle Weapons Level 2  
  93  10:20  Factory  
  103  10:22  Factory  
  99  10:37  SCV x3  
  99  10:38  Planetary Fortress  
  102  10:49  SCV x3  
  105  10:50  Hellion x2  
  105  10:51  Siege Tank x2, Hellion x2  
  105  10:56  Missile Turret  
  119  11:01  SCV x3  
  122  11:13  SCV x2  
  124  11:27  Refinery  
  124  11:28  Refinery  
  124  11:29  Supply Depot  
  124  11:31  Supply Depot  
  124  11:33  Supply Depot x2  
  124  11:34  Factory Tech Lab x2  
  124  11:49  Supply Depot  
  124  11:50  Supply Depot  
  124  11:51  SCV x2, Thor, Supply Depot  
  124  11:53  Hellion x4  
  124  11:54  Thor, Command Center  
  140  11:55  SCV x2  
  148  12:03  SCV x2  
  148  12:07  SCV x2  
  152  12:10  Siege Tank  
  152  12:11  Siege Tank  
  152  12:15  SCV x2  
  160  12:19  SCV x2  
  162  12:27  SCV x2  
  164  12:31  SCV  
  164  12:33  Missile Turret  
  164  12:34  Siege Tank  
  164  12:36  SCV, Missile Turret  
  169  12:37  Siege Tank  
  169  12:39  SCV x2  
  169  12:41  Hellion  
  169  12:42  Siege Tank  
  169  12:43  SCV, Siege Tank  
  177  12:48  SCV  
  147  12:57  Hellion x2  
  139  13:06  Siege Tank  
  139  13:09  Siege Tank  
  139  13:10  SCV x4  
  149  13:14  Thor  
  149  13:15  Thor  
  155  13:20  Hellion x3  
  155  13:21  Hellion  
  144  13:43  Thor x2  
Tags
 
Add a new tag
Caveats
  • Supply blocks, unpowered buildings, or Contaminate may cause inaccurate times.
  • Supply counts are checked every 10 seconds.